 Dungeon Crawl Stone Soup version 0.25-a0-62-g88673ef095 (webtiles) character file.

Game seed: 9268856327974907359, levelgen mode: deterministic

3136 jasifi the Nimble (level 9, -4/69 HPs)
             Began as an Octopode Monk on Oct 30, 2019.
             Was an Initiate of Gozag.
             Killed by divine providence
             ... invoked by an orc priest
              (13 damage)
             ... on level 6 of the Dungeon.
             The game lasted 00:08:38 (7792 turns).

jasifi the Nimble (Octopode Monk)                   Turns: 7792, Time: 00:08:39

Health: -4/69      AC:  1    Str: 13    XL:     9   Next: 92%
Magic:  9/9        EV: 20    Int: 12    God:    Gozag
Gold:   951        SH:  0    Dex: 15    Spells: 8/8 levels left

rFire    . . .     SeeInvis .   t - +0 whip (flame)
rCold    . . .     Gourm    .   (no shield)
rNeg     . . .     Faith    .   (helmet restricted)
rPois    .         Spirit   .   (no amulet)
rElec    .         Reflect  .   g - ring of flight
rCorr    .         Harm     .   (no ring)
MR       .....                  (no ring)
Stlth    +++.......             (no ring)
HPRegen  0.21/turn              (no ring)
MPRegen  0.11/turn              (no ring)
                                (no ring)
                                (no ring)

@: no status effects
A: almost no armour, stealthy swim, amphibious, 8 rings, constrict 8, camouflage
1, gelatinous body 1
a: Potion Petition, Call Merchant, Bribe Branch, Renounce Religion, Evoke Flight


You were on level 6 of the Dungeon.
You worshipped Gozag.
Gozag was pleased with you.
You were not hungry.

You visited 1 branch of the dungeon, and saw 6 of its levels.

You collected 951 gold pieces.

Inventory:

Hand Weapons
 a - a +0 short sword
 o - a +0 trident
 r - a +2 antimagic whip
 t - a +0 whip of flaming (weapon)
 z - a +1 trident of distortion
Missiles
 c - 72 arrows
 l - 3 curare-tipped darts (quivered)
 s - 5 silver boomerangs
 B - 12 poisoned darts
Jewellery
 g - a ring of flight (left tentacle)
 C - an uncursed amulet of the acrobat {unknown}
Wands
 v - a wand of polymorph (8)
Scrolls
 f - 2 scrolls of enchant weapon {unknown}
 i - 2 scrolls of enchant armour {unknown}
 m - a scroll of magic mapping {unknown}
 n - a scroll of amnesia {unknown}
 q - 4 scrolls of remove curse {@r2}
 x - a scroll of noise {unknown}
 y - a scroll of fog {unknown}
 A - 2 scrolls of teleportation {unknown}
 D - a scroll of immolation {unknown}
Potions
 d - a potion of degeneration {unknown}
 e - 2 potions of cancellation
 h - a potion of agility {unknown}
 j - 2 potions of mutation {unknown}
 k - a potion of heal wounds
 p - a potion of haste {unknown}
 u - a potion of lignification {unknown}
 w - a potion of magic {unknown}
Comestibles
 b - 6 rations


   Skills:
 + Level 9.6 Fighting
 - Level 3.0 Short Blades
 * Level 10.4 Dodging
 - Level 2.6 Stealth


You had 8 spell levels left.
You didn't know any spells.
Your spell library was empty.

Dungeon Overview and Level Annotations

Branches:
Dungeon (6/15)             Temple (0/1) D:6

Altars:
Ashenzari
Gozag
Kikubaaqudgha
Ru
Sif Muna
Trog
Wu Jian

Shops:
D:2 *

Annotations:
D:3 3 runed translucent doors, skk's ghost, amateur TeGl
D:4 2 transporters, Daviar's ghost, amateur FoFi


Innate Abilities, Weirdness & Mutations

You cannot wear most types of armour.
You are very stealthy in the water. (Stealth+)
You are amphibious.
You can wear up to eight rings at the same time.
You can use your tentacles to constrict eight enemies at once.
Your skin changes colour to match your surroundings (Stealth+).
Your rubbery body absorbs attacks. (AC +1, EV +1)


Message History

You closely miss the orc priest. Your grab misses the orc priest.
The orc completely misses you.
The orc warrior hits you from afar with a +0 glaive!!
The orc priest hits you with a +0 hand axe!
Throwing (i - inventory. (/) - cycle)
l - 4 curare-tipped darts (quivered)
Aim: an orc priest, wielding a +0 hand axe and wearing a +0 chain mail You throw a curare-tipped dart.
The curare-tipped dart hits the orc priest.
The orc priest is poisoned.
The orc priest convulses.
The orc priest seems to slow down.
The orc hits you with a +0 club.
The orc warrior hits you from afar with a +0 glaive!!
* * * LOW HITPOINT WARNING * * *
The orc priest casts a cantrip, but nothing happens.
The orc priest begins to cast a cantrip, but forgets the words!
Things that are here:
a +0 giant club x2
The orc priest calls down the wrath of Beogh upon you.
Beogh smites you!
You die...
Your body crumbles into a pile of gold.

... ##..#..#
#.$##...#..#
#.....o##.##
##..#..(...##
##......o...##
#............## ##
#..........<..# ####.#
#...........oo.##......
...##.##.##.##@.#......
...#.........#......#
....................##
..#..⌠...⌠..#.......##
..#.........#........##
.....>...............
........#.........#
>....#
...⌠..#..........
.......
......[.........#


You could see an orc warrior, an orc priest and 2 orcs.

Vanquished Creatures
  A two-headed ogre (D:6)
  Pikel (D:4)
  Sigmund (D:6)
  Purgy (D:3)
  A slave (D:4)
  A black bear (D:6)
  3 eyes of draining (D:3)
  2 ogres
  2 centaurs (D:5)
  3 bullfrogs
  A wyvern zombie (D:6)
  A howler monkey (D:4)
  A bullfrog zombie (D:6)
  A jelly (D:6)
  A centaur skeleton (D:6)
  A hound (D:4)
  5 orc priests
  8 orc wizards
  3 worker ants
  A worker ant zombie (D:2)
  A gnoll (D:3)
  10 adders
  2 shadow imps (D:5)
  2 oozes (D:1)
  An adder skeleton (D:4)
  3 worms
  3 leopard geckos
  23 orcs
  9 bats
  4 giant cockroaches
  12 goblins
  8 hobgoblins
  12 jackals
  3 kobolds
  3 ball pythons
  A ball python skeleton (D:5)
  7 frilled lizards
  4 rats
147 creatures vanquished.

Vanquished Creatures (others)
  A howler monkey (D:4)
  Ijyb (D:4)
  2 adders (D:4)
  2 orcs (D:4)
  A quokka (D:4)
  A ball python (D:4)
8 creatures vanquished.

Grand Total: 155 creatures vanquished

Notes
Turn   | Place    | Note
-------+----------+-------------------------------------------
     0 | D:1      | jasifi the Octopode Monk began the quest for the Orb.
     0 | D:1      | Reached XP level 1. HP: 16/16 MP: 1/1
   292 | D:1      | Reached XP level 2. HP: 20/21 MP: 2/2
   590 | D:1      | Reached XP level 3. HP: 26/26 MP: 3/3
   907 | D:1      | You fall into a shaft and drop 1 floor!
  1035 | D:2      | Found an opulent altar of Gozag.
  1039 | D:2      | Found Gozag's Platinum Reserve.
  1212 | D:2      | Became a worshipper of Gozag Ym Sagoz the Greedy
  1221 | D:2      | Reached skill level 4 in Dodging
  1221 | D:2      | Reached XP level 4. HP: 29/33 MP: 4/4
  2267 | D:3      | Reached XP level 5. HP: 33/38 MP: 5/5
  3191 | D:3      | Found a shattered altar of Ashenzari.
  3231 | D:3      | Found a shimmering blue altar of Sif Muna.
  3234 | D:3      | Found a sacrificial altar of Ru.
  3315 | D:3      | Noticed Purgy
  3327 | D:3      | Killed Purgy
  3327 | D:3      | Reached skill level 5 in Fighting
  3327 | D:3      | Reached skill level 5 in Dodging
  3327 | D:3      | Reached XP level 6. HP: 20/45 MP: 6/6
  3535 | D:3      | Found a runed translucent gate.
  3535 | D:3      | Found a runed translucent gate.
  3535 | D:3      | Found a runed translucent gate.
  3535 | D:3      | Noticed skk's ghost (amateur TeGl)
  3568 | D:3      | Found a bloodstained altar of Trog.
  3568 | D:3      | Noticed an eye of draining
  3568 | D:3      | Noticed an eye of draining
  3568 | D:3      | Noticed an eye of draining
  3603 | D:3      | Killed an eye of draining
  3611 | D:3      | Killed an eye of draining
  3611 | D:3      | Reached XP level 7. HP: 46/51 MP: 0/7
  3693 | D:3      | Reached skill level 6 in Dodging
  3969 | D:4      | Noticed Pikel
  3982 | D:4      | Killed Pikel
  3982 | D:4      | Reached skill level 7 in Dodging
  3982 | D:4      | Reached XP level 8. HP: 39/60 MP: 8/8
  4301 | D:4      | Found a transporter.
  4302 | D:4      | Noticed Daviar's ghost (amateur FoFi)
  4357 | D:4      | Found a transporter.
  4509 | D:4      | Killed Ijyb
  5100 | D:5      | Entered Level 5 of the Dungeon
  5152 | D:5      | Found an ornate altar of the Wu Jian Council.
  5193 | D:5      | Reached skill level 8 in Dodging
  6006 | D:5      | Reached XP level 9. HP: 30/67 MP: 9/9
  6711 | D:6      | Found a staircase to the Ecumenical Temple.
  6730 | D:6      | Noticed a two-headed ogre
  6911 | D:6      | Reached skill level 9 in Dodging
  6914 | D:6      | Noticed Sigmund
  6926 | D:6      | Killed Sigmund
  7454 | D:6      | Found an ancient bone altar of Kikubaaqudgha.
  7614 | D:6      | Killed a two-headed ogre
  7614 | D:6      | Reached skill level 10 in Dodging
  7792 | D:6      | Killed from afar by an orc priest

Levels and vault maps discovered:
D:1:      elethiomel_arrival_quiet, layout_basic,
          hangedman_abyss_or_decor_lesser_grid
D:2:      layout_rooms, nicolae_gozag_zags_fifth_avenue
D:3:      layout_loops_corners, nicolae_overflow_hidden_temple,
          lemuel_coloured_pillars_altar, trog_eyes_of_draining,
          ebering_ghost_rock_garden, dk_noncrumbling_3, uniq_purgy
D:4:      layout_loops_ring, gammafunk_ghost_stat_death, uniq_pikel, uniq_ijyb
D:5:      layout_basic, kennysheep_mini, first_ration
D:6:      layout_cave_pools, lemuel_doored_altar,
          minmay_temple_entry_large_hall, uniq_sigmund

Skill      XL: |  1  2  3  4  5  6  7  8  9 |
---------------+----------------------------+-----
Fighting       | 4 5 7 8 9 |  9.6
Dodging        | 4 5 7 8 10 | 10.4
Short Blades   | |  3.0
Stealth        | |  2.6

Action                   |  1- 3 |  4- 6 |  7- 9 || total
-------------------------+-------+-------+-------++-------
Melee: Short sword       |    75 |   111 |   191 ||   377
       Constrict         |    13 |    25 |    52 ||    90
       Tentacles         |     9 |    14 |    54 ||    77
       Whip              |       |       |    52 ||    52
Throw: Dart              |       |     3 |    16 ||    19
  Use: Scroll            |       |       |     1 ||     1
       Potion            |       |       |     2 ||     2
 Stab: Sleeping          |    11 |    11 |    13 ||    35
  Eat: Chunk             |     1 |       |       ||     1
       Ration            |       |     2 |     4 ||     6
Armor: Skin              |     5 |     3 |     5 ||    13
Dodge: Dodged            |    34 |    68 |   182 ||   284

Table legend:
 A = Non-vault XP
 B = Vault XP
 C = Vault XP percentage of total XP
 D = Non-vault monster count
 E = Vault monster count
 F = Vault count percentage of total count
                 A         B        C        D         E       F
            +---------+---------+-------+---------+---------+-------
      Total |    3088 |    1393 |  31.1 |     138 |       8 |   5.5
            +---------+---------+-------+---------+---------+-------
        D:1 |      61 |       0 |   0.0 |      29 |       0 |   0.0
        D:2 |      89 |       0 |   0.0 |      22 |       0 |   0.0
        D:3 |      77 |     525 |  87.2 |      20 |       6 |  23.1
        D:4 |     459 |     641 |  58.3 |      22 |       1 |   4.3
        D:5 |     798 |       0 |   0.0 |      30 |       0 |   0.0
        D:6 |    1604 |     227 |  12.4 |      15 |       1 |   6.2
            +---------+---------+-------+---------+---------+-------
